 Dungeon Crawl Stone Soup version 0.23.2-40-g277498a001 (webtiles) character file.

Game seed: 6120291443119754448

707 Exodus22XD the Firebug (level 7, -3/36 HPs)
             Began as a Deep Elf Wizard on Sept 19, 2019.
             Slain by Duvessa
             ... wielding a +0 short sword
              (14 damage)
             ... on level 5 of the Dungeon.
             The game lasted 00:12:54 (4800 turns).

Exodus22XD the Firebug (Deep Elf Wizard)            Turns: 4800, Time: 00:12:55

Health: -3/36      AC:  3    Str:  4    XL:     7   Next: 40%
Magic:  2/15       EV: 13    Int: 25    God:
Gold:   302        SH:  0    Dex: 13    Spells: 3/14 levels left

rFire    + . .     SeeInvis .   o - +1 short sword (venom)
rCold    x . .     Gourm    .   (no shield)
rNeg     . . .     Faith    .   a - +0 robe
rPois    .         Spirit   .   b - +0 hat
rElec    .         Reflect  .   (no cloak)
rCorr    .         Harm     .   n - +0 pair of gloves
MR       .....                  (no boots)
Stlth    ++........             (no amulet)
HPRegen  0.12/turn              q - ring of fire
MPRegen  0.14/turn              (no ring)

@: no status effects
A: no striking features
a: no special abilities


You were on level 5 of the Dungeon.
You were very hungry.

You visited 1 branch of the dungeon, and saw 5 of its levels.

You collected 302 gold pieces.

Inventory:

Hand Weapons
 o - a +1 short sword of venom (weapon)
 r - the +10 war axe "Mean" {vamp, rN+ Int+2, unknown}
   (You found it on level 5 of the Dungeon)

   It inflicts no extra harm, but heals its wielder when it wounds a living foe.
   It affects your intelligence (+2).
   It protects you from negative energy.
Armour
 a - a +0 robe (worn)
 b - a +0 hat (worn)
 n - a +0 pair of gloves (worn)
Jewellery
 q - a ring of fire (left hand)
Scrolls
 c - 2 scrolls of teleportation {unknown}
 f - 2 scrolls of identify {unknown}
 g - a scroll of random uselessness {unknown}
 i - a scroll of fog {unknown}
 k - 4 scrolls of remove curse {unknown}
 l - a scroll of enchant armour {unknown}
 p - a scroll of immolation {unknown}
Potions
 e - a potion of curing {unknown}
 h - 2 potions of mutation {unknown}
 j - a potion of lignification {unknown}
 m - a potion of heal wounds {unknown}
Comestibles
 d - 4 rations


   Skills:
 - Level 0.2 Fighting
 - Level 2.4 Dodging
 - Level 2.4 Stealth
 * Level 4.4 Spellcasting
 - Level 5.0 Conjurations
 - Level 4.8 Summonings
 - Level 1.1 Translocations
 - Level 5.2 Fire Magic


You had 3 spell levels left.
You knew the following spells:

 Your Spells              Type           Power        Failure   Level  Hunger
a - Magic Dart            Conj           ####         1%          1    None
b - Call Imp              Summ           ####....     1%          2    None
c - Blink                 Tloc           N/A          9%          2    None
d - Conjure Flame         Conj/Fire      #####...     3%          3    ##.....
e - Mephitic Cloud        Conj/Pois/Air  ##......     13%         3    ##.....

Your spell library contained the following spells:

 Spells                   Type           Power        Failure   Level  Hunger
 Slow                     Hex            #.......     13%         2    None


Dungeon Overview and Level Annotations

Branches:
Dungeon (5/15)
 Temple: D:4-7

Altars:
Dithmenos
Makhleb
Okawaru
Uskayaw

Shops:
D:5 :}

Annotations:
D:5 Duvessa


Message History

The quokka is severely wounded.
The quokka closely misses you.
A scorpion comes into view.
The quokka closely misses you.
You kill the quokka!
Duvessa is engulfed in blazing flames.
Duvessa hits you with a +0 short sword!
You hit Duvessa.
Duvessa is poisoned.
Duvessa is moderately wounded.
Duvessa is engulfed in blazing flames.
Duvessa misses you. The scorpion stings you.
You barely miss Duvessa.
Duvessa is heavily wounded.
Duvessa is engulfed in blazing flames.
The scorpion stings you! Duvessa closely misses you.
Unknown command.
Duvessa completely misses you.
Duvessa seems less confused.
You hit the scorpion but do no damage.
The scorpion is poisoned.
The scorpion stings you. Duvessa hits you with a +0 short sword!
You die...

.## #........# .##
........###.# ..###
#........#..
#...#####..........#
........#..........##
.####...............#
. ######..........##
# ##..........#
##....@s...#
##....e..##
##...##..## ####
#######.°#....##
##)......#
#..........
#............
#..............
.......$.......


You could see Duvessa (berserk) and a scorpion.

Vanquished Creatures
  An ice beast (D:5)
  2 ogres
  Dowan (D:5)
  An orc priest (D:4)
  A hound (D:2)
  2 orc wizards (D:4)
  2 worker ants
  14 adders
  5 worms
  4 dart slugs
  3 leopard geckos
  11 orcs
  2 ball pythons
  8 bats
  7 giant cockroaches
  6 goblins
  7 hobgoblins
  5 jackals (D:1)
  4 quokkas
  5 frilled lizards (D:2)
  A jackal zombie (D:5)
  14 kobolds
  A leopard gecko skeleton (D:4)
  3 rats
110 creatures vanquished.

Notes
Turn   | Place    | Note
-------+----------+-------------------------------------------
     0 | D:1      | Exodus22XD the Deep Elf Wizard began the quest for the Orb.
     0 | D:1      | Reached XP level 1. HP: 10/10 MP: 7/7
   211 | D:1      | Reached XP level 2. HP: 9/15 MP: 5/9
   883 | D:1      | Reached XP level 3. HP: 19/19 MP: 1/10
  1538 | D:2      | Found a burning altar of Makhleb.
  1636 | D:2      | Reached XP level 4. HP: 24/24 MP: 6/12
  1644 | D:2      | Learned a level 2 spell: Call Imp
  1647 | D:2      | Learned a level 2 spell: Blink
  1651 | D:2      | Learned a level 3 spell: Conjure Flame
  1655 | D:2      | Learned a level 3 spell: Mephitic Cloud
  1759 | D:2      | Found a faded altar of an unknown god.
  1824 | D:2      | Reached skill level 5 in Conjurations
  2155 | D:2      | Reached XP level 5. HP: 28/28 MP: 9/13
  2202 | D:2      | Found an iron altar of Okawaru.
  2248 | D:2      | Found a hide-covered altar of Uskayaw.
  2248 | D:2      | Found a shadowy altar of Dithmenos.
  3427 | D:4      | Noticed an ogre
  3435 | D:4      | Killed an ogre
  3435 | D:4      | Reached XP level 6. HP: 32/32 MP: 4/14
  3610 | D:4      | Reached skill level 1 in Fire Magic
  4437 | D:5      | Entered Level 5 of the Dungeon
  4470 | D:5      | Reached XP level 7. HP: 34/36 MP: 2/15
  4501 | D:5      | Got a pitted war axe
  4530 | D:5      | Found Xuiffic's Book Shop.
  4615 | D:5      | Found Zoton's Gadget Shop.
  4778 | D:5      | Noticed Duvessa
  4778 | D:5      | Noticed Dowan
  4785 | D:5      | Killed Dowan
  4785 | D:5      | Reached skill level 5 in Fire Magic
  4800 | D:5      | Slain by Duvessa

Skill      XL: |  1  2  3  4  5  6  7 |
---------------+----------------------+-----
Conjurations   | 2 3 4 5 |  5.0
Summonings     | 2 4 |  4.8
Fire Magic     | 4 5 |  5.2
Fighting       | |  0.2
Dodging        | |  2.4
Stealth        | |  2.4
Spellcasting   | |  4.4
Translocations | |  1.1

Action                   |  1- 3 |  4- 6 |  7- 9 || total
-------------------------+-------+-------+-------++-------
Melee: Unarmed           |     2 |       |       ||     2
       Short sword       |       |     8 |     4 ||    12
 Cast: Magic Dart        |   127 |   151 |    19 ||   297
       Mephitic Cloud    |       |     6 |     1 ||     7
       Conjure Flame     |       |     5 |     5 ||    10
  Eat: Chunk             |     2 |     8 |     1 ||    11
Armor: Robe              |     8 |     1 |       ||     9
Dodge: Dodged            |    23 |    14 |     6 ||    43
